 Dungeon Crawl Stone Soup version 0.23.1 (webtiles) character file.

Game seed: 9417537559138190422

1355 Hasart the Magician (level 8, -5/41 HPs)
             Began as a Deep Elf Ice Elementalist on Mar 8, 2019.
             Was a Follower of Vehumet.
             Slain by a wyvern skeleton (13 damage)
             ... on level 6 of the Dungeon.
             The game lasted 00:12:29 (5724 turns).

Hasart the Magician (Deep Elf Ice Elementalist)     Turns: 5724, Time: 00:12:30

Health: -5/41      AC:  3    Str:  5    XL:     8   Next: 37%
Magic:  12/19      EV: 15    Int: 29    God:    Vehumet [*.....]
Gold:   251        SH:  0    Dex: 15    Spells: 10/19 levels left

rFire    . . .     SeeInvis .   t - +3 flail (protect)
rCold    . . .     Gourm    .   (no shield)
rNeg     . . .     Faith    .   a - +0 robe
rPois    .         Spirit   .   (no helmet)
rElec    .         Reflect  .   (no cloak)
rCorr    .         Harm     .   (no gloves)
MR       .....                  k - +0 pair of boots
Stlth    ++........             (no amulet)
HPRegen  0.13/turn              f - +6 ring of intelligence
MPRegen  0.16/turn              (no ring)

@: no status effects
A: no striking features
a: Renounce Religion


You were on level 6 of the Dungeon.
You worshipped Vehumet.
Vehumet was aware of your devotion.
You were not hungry.

You visited 2 branches of the dungeon, and saw 7 of its levels.

You collected 251 gold pieces.

Inventory:

Hand Weapons
 t - a +3 flail of protection (weapon)
Armour
 a - a +0 robe (worn)
 k - a +0 pair of boots (worn)
Jewellery
 f - a +6 ring of intelligence (left hand)
Scrolls
 b - 3 scrolls of immolation {unknown}
 d - a scroll of amnesia {unknown}
 h - 2 scrolls of identify {unknown}
 l - a scroll of enchant armour {unknown}
 m - 3 scrolls of magic mapping {unknown}
 n - 2 scrolls of remove curse {unknown}
 o - a scroll of teleportation {unknown}
 p - a scroll of random uselessness {unknown}
Potions
 e - 4 potions of agility {unknown}
 i - a potion of lignification {unknown}
 j - a potion of magic {unknown}
 q - a potion of heal wounds {unknown}
 r - a potion of berserk rage {unknown}
Comestibles
 c - 9 rations
 s - 2 chunks of flesh


   Skills:
 + Level 5.7 Dodging
 - Level 2.4 Stealth
 + Level 6.4 Spellcasting
 + Level 5.8 Conjurations
 - Level 4.0 Summonings
 + Level 6.2 Ice Magic


You had 10 spell levels left.
You knew the following spells:

 Your Spells              Type           Power        Failure   Level  Hunger
a - Freeze                Ice            ####         1%          1    None
c - Summon Ice Beast      Ice/Summ       #####...     7%          4    ###....
s - Throw Icicle          Conj/Ice       #####...     4%          4    ###....

Your spell library contained the following spells:

 Spells                   Type           Power        Failure   Level  Hunger
 Magic Dart               Conj           ####         1%          1    None
 Throw Frost              Conj/Ice       #####.       1%          2    None
 Ensorcelled Hibernation  Hex/Ice        ####..       2%          2    None
 Dazzling Spray           Conj/Hex       ####..       4%          3    None
 Ozocubu's Armour         Chrm/Ice       ####....     4%          3    None
 Corona                   Hex            #......      5%          1    None
 Confuse                  Hex            #.......     16%         3    None
 Tukima's Dance           Hex            #.......     16%         3    None


Dungeon Overview and Level Annotations

Branches:
Dungeon (6/15)             Temple (1/1) D:5

Altars:
Ashenzari
Cheibriados
Elyvilon
Fedhas
Gozag
Kikubaaqudgha
Makhleb
Nemelex Xobeh
Okawaru
Qazlal
Ru
Trog
Uskayaw
Vehumet
Xom
Yredelemnul
The Shining One
Beogh

Shops:
D:5 (

Annotations:
D:3 3 runed translucent doors, DungeonDestroyer's ghost, amateur MiFi


Message History

The arrow hits you.
Unknown command.
Casting: Throw Icicle (safe; 4% risk of failure)
Confirm with . or Enter, or press ? or * to list all spells.
Aiming: Throw Icicle (safe; 4% risk of failure)
Press: ? - help, Shift-Dir - straight line, f - centaur
Aim: a centaur, wielding a +0 shortbow The shard of ice misses the centaur.
The centaur shoots an arrow.
The arrow hits you!
Unknown command.
Unknown command.
The centaur shoots an arrow.
The arrow hits you!
* * * LOW HITPOINT WARNING * * *
You see here an arrow.
An orc and an orc wizard come into view.
The orc wizard gestures wildly while chanting.
The orc wizard blinks!
The orc closely misses you.
The orc moves out of view.
The orc wizard moves out of view.
The wyvern skeleton bites you!
You die...

.... .....
....## >o...
####### #.#.
.......
#...####.......
#..o.((.......
###.Z##.......
##@##.......
#..#....c..
##.#....... #.
#.#######. .#
#.# .. #.# #.
#.## . #.
##..###### ...
#.#####........#


You could see 2 orcs and a wyvern skeleton.

Vanquished Creatures
  An ice beast (D:5)
  2 ogres (D:4)
  A necrophage (D:5)
  A centaur (D:5)
  A bullfrog (D:3)
  2 scorpions
  A howler monkey (D:4)
  3 crimson imps (D:5)
  A centaur zombie (D:5)
  An orc priest (D:5)
  4 orc wizards
  4 hounds
  2 worker ants
  3 gnolls (D:5)
  5 adders
  2 oozes (D:1)
  A worm (D:3)
  5 dart slugs
  4 leopard geckos
  14 orcs
  7 giant cockroaches
  14 goblins
  11 hobgoblins
  2 jackals (D:4)
  2 quokkas
  A ball python (D:3)
  6 bats
  4 frilled lizards
  11 kobolds
  6 rats
122 creatures vanquished.

Vanquished Creatures (collateral kills)
  Edmund (D:5)
1 creature vanquished.

Grand Total: 123 creatures vanquished

Notes
Turn   | Place    | Note
-------+----------+-------------------------------------------
     0 | D:1      | Hasart the Deep Elf Ice Elementalist began the quest for
                  | the Orb.
     0 | D:1      | Reached XP level 1. HP: 10/10 MP: 6/6
   145 | D:1      | Reached XP level 2. HP: 15/15 MP: 0/8
   653 | D:1      | Reached XP level 3. HP: 19/19 MP: 7/10
  1377 | D:2      | Reached XP level 4. HP: 24/24 MP: 11/11
  1383 | D:2      | Learned a level 4 spell: Throw Icicle
  1388 | D:2      | Learned a level 4 spell: Summon Ice Beast
  1605 | D:2      | Found a glowing golden altar of the Shining One.
  1999 | D:3      | Noticed a hungry ghost
  2015 | D:3      | Found a shattered altar of Ashenzari.
  2115 | D:3      | Reached skill level 1 in Summonings
  2128 | D:3      | Reached XP level 5. HP: 18/28 MP: 9/13
  2554 | D:3      | Found a runed translucent gate.
  2554 | D:3      | Found a runed translucent gate.
  2554 | D:3      | Found a runed translucent gate.
  2554 | D:3      | Identified the cursed +1 scale mail of the Hidden Vale {rN+
                  | Str+2}
  2554 | D:3      | Noticed DungeonDestroyer's ghost (amateur MiFi)
  2555 | D:3      | Found a roughly hewn altar of Beogh.
  3127 | D:4      | Reached XP level 6. HP: 28/32 MP: 7/14
  3282 | D:4      | Reached skill level 5 in Ice Magic
  3448 | D:4      | Found a basalt altar of Yredelemnul.
  3502 | D:4      | Found a white marble altar of Elyvilon.
  3559 | D:4      | Reached skill level 5 in Spellcasting
  3751 | D:4      | Found a blossoming altar of Fedhas.
  3751 | D:4      | Found an ancient bone altar of Kikubaaqudgha.
  3771 | D:4      | Reached XP level 7. HP: 36/36 MP: 1/16
  4111 | D:5      | Entered Level 5 of the Dungeon
  4172 | D:5      | Found Aghosot's Antique Weapon Shoppe.
  4332 | D:5      | Found a staircase to the Ecumenical Temple.
  4345 | Temple   | Entered the Ecumenical Temple
  4395 | Temple   | Became a worshipper of Vehumet
  4456 | D:5      | Reached skill level 5 in Dodging
  4461 | D:5      | Reached skill level 5 in Conjurations
  4660 | D:5      | Reached XP level 8. HP: 37/41 MP: 14/18
  4728 | D:5      | Found an iron altar of Okawaru.
  4909 | D:5      | Noticed a moth of wrath
  4912 | D:5      | Found a bloodstained altar of Trog.
  5075 | D:5      | Reached * piety under Vehumet
  5075 | D:5      | Offered knowledge of Magic Dart by Vehumet.
  5387 | D:5      | Noticed Edmund
  5409 | D:5      | Killed Edmund
  5724 | D:6      | Slain by a wyvern skeleton

Skill      XL: |  1  2  3  4  5  6  7  8 |
---------------+-------------------------+-----
Ice Magic      | 4 5 6 |  6.2
Dodging        | 3 4 5 |  5.7
Spellcasting   | 4 5 6 |  6.4
Conjurations   | 2 3 4 5 |  5.8
Summonings     | 1 2 3 4 |  4.0
Stealth        | |  2.4

Action                   |  1- 3 |  4- 6 |  7- 9 || total
-------------------------+-------+-------+-------++-------
Melee: Unarmed           |     1 |       |       ||     1
       Dagger            |    22 |    20 |    10 ||    52
       Flail             |       |       |     3 ||     3
 Cast: Freeze            |    63 |    77 |    34 ||   174
       Throw Icicle      |       |     5 |    31 ||    36
       Summon Ice Beast  |       |       |     1 ||     1
 Stab: Sleeping          |     4 |     4 |     1 ||     9
       Distracted        |       |       |     1 ||     1
  Eat: Chunk             |     1 |     7 |     6 ||    14
       Ration            |       |       |     1 ||     1
Armor: Robe              |     8 |    19 |     5 ||    32
Dodge: Dodged            |    51 |    41 |    33 ||   125
